 Dungeon Crawl Stone Soup version 0.18-a0-1197-g8004e50 (webtiles) character file.

6067 st0uf the Thrower (level 10, 0/80 HPs)
             Began as a White Draconian Assassin on Jan 30, 2016.
             Was an Elder of Pakellas.
             Slain by a hill giant
             ... wielding a +0 giant club
              (28 damage)
             ... on level 10 of the Dungeon.
             The game lasted 01:17:02 (9858 turns).

st0uf the Thrower (White Draconian Assassin)        Turns: 9858, Time: 01:17:02

Health: 0/80       AC: 10    Str: 20    XL:     10   Next: 57%
Magic:  10/14      EV: 17    Int: 11    God:    Pakellas [****..]
Gold:   533        SH:  0    Dex: 19    Spells: 0 memorised, 9 levels left

rFire  . . .     SeeInvis .     a - +2 dagger (venom)
rCold  + . .     Gourm    .     (armour unavailable)
rNeg   . . .     Faith    .     (no shield)
rPois  .         Spirit   .     (helmet restricted)
rElec  .         Dismiss  .     c - +0 cloak
rCorr  .         Reflect  .     S - +0 pair of gloves
SustAt .         Harm     .     U - +0 pair of boots
MR     .....                    (no amulet)
Stlth  ++++......               t - +5 ring of strength
                                s - +4 ring of dexterity

@: starving, not resistant to hostile enchantments, stealthy
A: breathe frost, unfitting armour, cold resistance 1, cold-blooded, AC +7
a: Breathe Frost, Quick Charge, Device Surge, Renounce Religion


You were on level 10 of the Dungeon.
You worshipped Pakellas.
Pakellas was greatly pleased with you.
You were starving.

You visited 2 branches of the dungeon, and saw 11 of its levels.

You collected 533 gold pieces.

Inventory:

Hand Weapons
 a - a +2 dagger of venom (weapon)
 b - a +0 blowgun
Missiles
 d - 49 poisoned needles
 n - 15 tomahawks (quivered)
 C - 5 needles of confusion
 D - a throwing net
 K - 2 curare-tipped needles
Armour
 c - a +0 cloak (worn)
 S - a +0 pair of gloves (worn)
 U - a +0 pair of boots (worn)
Rods
 T - a +4 rod of destruction (14/14)
   (Pakellas gifted it to you on level 9 of the Dungeon)
Jewellery
 s - a +4 ring of dexterity (left hand)
 t - a +5 ring of strength (right hand)
 E - a cursed -3 ring of evasion {unknown}
Wands
 e - a wand of slowing (19/48)
 y - a wand of heal wounds (5/9)
 O - a wand of flame (9/48)
Scrolls
 g - 10 scrolls of identify
 j - a scroll of immolation {unknown}
 k - 5 scrolls of teleportation {unknown}
 m - 4 scrolls of remove curse {unknown}
 o - a scroll of fog {unknown}
 r - 3 scrolls of enchant weapon {unknown}
 u - 2 scrolls of enchant armour {unknown}
 w - 2 scrolls of noise {unknown}
 B - 3 scrolls of blinking {unknown}
 F - 4 scrolls of amnesia {unknown}
 H - 4 scrolls of magic mapping {unknown}
 L - a scroll of vulnerability {unknown}
 M - 4 scrolls of recharging {unknown}
 R - a scroll of random uselessness {unknown}
Potions
 h - a potion of invisibility {unknown}
 l - 5 potions of curing {unknown}
 p - 3 potions of mutation {unknown}
 q - a potion of agility {unknown}
 x - 3 potions of flight
 z - 3 potions of heal wounds {unknown}
 A - 3 potions of lignification {unknown}
 G - 2 potions of brilliance {unknown}
 J - a potion of berserk rage {unknown}
 Q - 2 potions of magic {unknown}
 V - a potion of might {unknown}
 W - a potion of poison {unknown}
Books
 N - a book of Enchantments

   Spells                             Type                      Level
   a - Cause Fear                     Hexes                        4
   b - Yara's Violent Unravelling     Hexes/Transmutation          5
   c - Silence                        Hexes/Air                    5
   d - Deflect Missiles               Charms/Air                   6
   e - Haste                          Charms                       6
   f - Discord                        Hexes                        8
 Y - a Fen Folio

   Spells                             Type                      Level
   a - Corpse Rot                     Necromancy                   2
   b - Stone Arrow                    Conjuration/Earth            3
   c - Leda's Liquefaction            Hexes/Earth                  4
   d - Summon Forest                  Summoning/Translocation      5
   e - Hydra Form                     Transmutation                6
   f - Summon Hydra                   Summoning                    7
Comestibles
 f - 5 bread rations
 i - 2 royal jellies
 v - 2 beef jerkies
 I - 5 meat rations
 P - 3 fruits


   Skills:
 + Level 4.9 Fighting
 + Level 4.1 Short Blades
 + Level 8.8 Throwing
 + Level 6.2 Dodging
 + Level 7.9 Stealth
 * Level 6.6 Evocations


You had 9 spell levels left.
You didn't know any spells.

Dungeon Overview and Level Annotations

Branches:
Dungeon (10/15)            Temple (1/1) D:5             Orc (0/2) D:9
   Lair: D:8-11

Altars:
Ashenzari
Cheibriados
Fedhas
Gozag
Pakellas
Qazlal
Sif Muna
Xom
Zin

Shops:
D:4 }   D:6 [

Annotations:
D:7 exclusion: door
D:10 cireshan's ghost, novice TrMo


Innate Abilities, Weirdness & Mutations

You can breathe waves of freezing cold.
You can buffet flying creatures when you breathe cold.
Your icy white scales are hard (AC +7).
Your body does not fit into most forms of armour.
Your flesh is cold resistant.
You are cold-blooded and may be slowed by cold attacks.


Message History

You hit the hill giant but do no damage.
You tail-slap the hill giant, but do no damage.
The hill giant is severely wounded.
The hill giant hits you with a giant club!
You hit the hill giant but do no damage.
You tail-slap the hill giant.
The hill giant is severely wounded.
You hit the hill giant.
The hill giant is severely wounded.
The hill giant hits you with a giant club!
You hit the hill giant.
The hill giant is almost dead.
You have got your breath back.
The hill giant closely misses you.
You hit the hill giant.
The hill giant is almost dead.
You hit the hill giant but do no damage.
The hill giant is almost dead.
The hill giant hits you with a giant club!!
You die...

#####..####### #####
#............. ....###
#....# ...... #>##..#
....# #.# ..". . ....#
##.# ..... ....### #..#
...# ###...## ###.##
...# .####..####
#.@C#####...## .#
##....#######..(..(.....
.#
####..........)(.....#
.# ##############.(....
.####### ### ...##
.......#### ..< ..#
....##....###.# ...
###.#####..#..### #.
#...####......#


You could see a hill giant.

Vanquished Creatures
  A hill giant (D:5)
  A rust devil (D:5)
  A troll (D:9)
  4 snapping turtles (D:9)
  2 hungry ghosts (D:8)
  A hippogriff (D:9)
  Duvessa (D:5)
  The ghost of chonchonts the Ruffian, an amateur VSMo (D:4)
  2 water moccasins
  An orc warrior (D:6)
  2 sky beasts
  A phantom (D:7)
  2 black bears (D:8)
  6 ogres
  4 centaurs
  A wyvern zombie (D:7)
  7 giant frogs
  Dowan (D:5)
  2 scorpions
  3 wights (D:9)
  5 electric eels (D:9)
  3 crimson imps
  A giant frog zombie (D:5)
  3 hounds
  2 jellies
  7 orc priests
  6 orc wizards
  A giant frog skeleton (D:8)
  5 iguanas
  2 worker ants
  A hound skeleton (D:8)
  Robin (D:4)
  8 gnolls
  2 worker ant zombies
  11 adders
  A shadow imp (D:6)
  An adder skeleton (D:8)
  6 worms
  5 giant geckos
  43 orcs
  15 bats
  3 giant cockroaches
  19 goblins
  11 hobgoblins
  10 jackals
  5 kobolds
  7 quokkas
  2 ball pythons
  A giant gecko zombie (D:7)
  6 giant newts
  5 rats
242 creatures vanquished.

Notes
Turn   | Place    | Note
--------------------------------------------------------------
     0 | D:1      | st0uf the Draconian Assassin began the quest for the Orb.
     0 | D:1      | Reached XP level 1. HP: 17/17 MP: 1/1
   135 | D:1      | Reached skill level 1 in Dodging
   405 | D:1      | Reached skill level 4 in Stealth
   405 | D:1      | Reached XP level 2. HP: 19/24 MP: 2/2
   834 | D:2      | Reached XP level 3. HP: 12/29 MP: 3/3
  1510 | D:2      | Reached XP level 4. HP: 35/37 MP: 4/4
  2081 | D:3      | Found a deep blue altar of Sif Muna.
  2120 | D:3      | Reached skill level 1 in Evocations
  2120 | D:3      | Reached XP level 5. HP: 42/42 MP: 5/5
  2778 | D:4      | Reached XP level 6. HP: 50/50 MP: 7/7
  2907 | D:4      | Noticed chonchonts's ghost (amateur VSMo)
  2967 | D:4      | Found an oddly glowing altar of Pakellas.
  2967 | D:4      | Found Pakellas's Prime Provisions.
  2973 | D:4      | Became a worshipper of Pakellas the Inventive
  2998 | D:4      | Reached skill level 5 in Stealth
  3135 | D:4      | Found a stormy altar of Qazlal.
  3185 | D:4      | You fall through a shaft for 2 floors!
  3185 | D:6      | Noticed a water moccasin
  3185 | D:6      | Noticed an orc warrior
  3209 | D:6      | Killed an orc warrior
  3217 | D:6      | Killed a water moccasin
  3217 | D:6      | Reached XP level 7. HP: 19/56 MP: 8/8
  3217 | D:6      | Your scales start taking on an icy white colour.
  3217 | D:6      | Gained mutation: Your flesh is cold resistant. [White Draconian growth]
  3517 | D:5      | Entered Level 5 of the Dungeon
  3525 | D:5      | Found a staircase to the Ecumenical Temple.
  3529 | D:5      | Noticed Dowan
  3530 | D:5      | Noticed Duvessa
  3555 | D:5      | Noticed an angel
  3580 | D:5      | Killed Duvessa
  3600 | D:5      | Killed Dowan
  3638 | Temple   | Entered the Ecumenical Temple
  3756 | D:5      | Reached skill level 5 in Throwing
  3801 | D:5      | Noticed a hill giant
  3826 | D:5      | Killed a hill giant
  3826 | D:5      | Reached skill level 6 in Throwing
  3826 | D:5      | Reached XP level 8. HP: 61/63 MP: 10/10
  3942 | D:5      | Noticed a rust devil
  3951 | D:5      | Killed a rust devil
  3991 | D:5      | Reached * piety under Pakellas
  4063 | D:5      | Reached skill level 7 in Throwing
  4420 | D:4      | Noticed Robin
  4454 | D:4      | Killed Robin
  4454 | D:4      | Reached ** piety under Pakellas
  4454 | D:4      | Received a gift from Pakellas
  4695 | D:4      | Killed chonchonts's ghost
  4695 | D:4      | Reached XP level 9. HP: 57/70 MP: 12/12
  5468 | D:6      | Found a shattered altar of Ashenzari.
  5498 | D:6      | Reached skill level 5 in Evocations
  5750 | D:6      | Found Tuotsefo's Antique Armour Emporium.
  5778 | D:6      | Found a shimmering altar of Xom.
  6150 | D:7      | Reached *** piety under Pakellas
  6227 | D:7      | Reached skill level 8 in Throwing
  6998 | D:7      | Noticed a manticore
  6998 | D:7      | Noticed a troll
  7785 | D:8      | Reached skill level 5 in Dodging
  7876 | D:8      | Reached XP level 10. HP: 79/79 MP: 14/14
  7996 | D:8      | Found a blossoming altar of Fedhas.
  8279 | D:9      | Found a staircase to the Orcish Mines.
  8525 | D:9      | Found a glowing silver altar of Zin.
  8607 | D:9      | Reached **** piety under Pakellas
  8607 | D:9      | Received a gift from Pakellas
  8680 | D:9      | Identified a +4 rod of destruction (14/14) (Pakellas gifted it to you on level 9 of the Dungeon)
  9764 | D:10     | Entered Level 10 of the Dungeon
  9810 | D:10     | Noticed cireshan's ghost (novice TrMo)
  9826 | D:10     | Noticed a hill giant
  9858 | D:10     | Slain by a hill giant

Vault maps used:
D:1:      ncdulo_wetmaze
D:3:      led_sif_pool
D:4:      grunt_qazlal_sundering, johnstein_pakellas_shop, uniq_robin
D:5:      temple_garden, first_bread, minmay_ogre_servants, uniq_duvessa
D:6:      serial_shops, nicolae_shop_behind_doors, hex_tiny,
          kennysheep_flooded_box, evilmike_ruin_ashenzari
D:7:      kennysheep_big_flooded_room
D:8:      marbit_many_paths
D:9:      wad_bat_island, kennysheep_mini, david_orc_2
D:10:     uniq_josephine
Temple:   minmay_crystal_snake_temple_18

Action                   |  1- 3 |  4- 6 |  7- 9 | 10-12 || total
-------------------------+-------+-------+-------+-------++-------
Melee: Dagger            |   114 |    76 |   344 |   150 ||   684
 Fire: Blowgun           |    20 |   109 |   141 |    47 ||   317
Throw: Tomahawk          |       |     5 |       |     8 ||    13
Invok: Quick Charge      |       |       |     3 |     3 ||     6
 Abil: Breathe Frost     |       |       |    13 |     9 ||    22
Evoke: Wand              |       |       |     4 |     5 ||     9
       Rod               |       |       |       |     5 ||     5
  Use: Potion            |       |       |     1 |     1 ||     2
       Scroll            |       |       |     1 |       ||     1
 Stab: Sleeping          |     7 |    10 |    24 |     8 ||    49
       Distracted        |     1 |     1 |     3 |     1 ||     6
       Confused          |       |     2 |       |     3 ||     5
  Eat: Chunk             |     2 |     5 |    19 |     8 ||    34
